[Event "Titled Tuesday Blitz January 10 Late 2023"]
[White "Kaplan, Avi Harrison"]
[Black "Bazeev, German"]
[WhiteFideId "30934559"]
[BlackFideId "24119350"]
[WhiteElo "2146"]
[BlackElo "2369"]
[Result "1-0"]
[Round "02"]
[TimeControl "180+2"]
[Date "2023.01.10"]
[WhiteClock "0:00:02"]
[BlackClock "0:00:05"]

1. Nf3 Nf6 2. g3 d5 3. Bg2 c6 4. O-O Bg4 5. b3 Nbd7 6. Bb2 e6 7. d3 Be7 8. Nbd2 O-O 9. h3 Bh5 10. c4 a5 11. a3 Qb6 12. Qc2 Rac8 13. Kh2 Bg6 14. Rac1 h6 15. Qb1 Rfe8 16. Qa1 Bf8 17. Rfd1 e5 18. Nxe5 Nxe5 19. Bxe5 Qxf2 20. Re1 Bxa3 21. Bd4 Bxc1 22. Bxf2 Bxd2 23. Rd1 Rxe2 24. Qb2 Rxf2 25. Rxd2 Rxd2 26. Qxd2 Re8 27. cxd5 cxd5 28. Bf3 d4 29. Qxa5 Re3 30. Be4 Bxe4 31. dxe4 Re2+ 32. Kg1 Rxe4 33. Qa8+ Kh7 34. Qxb7 Re3 35. Qb4 Rxg3+ 36. Kh2 Rd3 37. Qc4 Rd2+ 38. Kg3 d3 39. Kf3 Rd1 40. Ke3 d2 41. Ke2 Rh1 42. Qd3+ g6 43. Kxd2 Rh2+ 44. Kc3 Rf2 45. Qd4 Rf4 46. Qd8 Kg7 47. b4 Rf3+ 48. Kc4 Rxh3 49. b5 Rh1 50. b6 Rc1+ 51. Kb3 Rb1+ 52. Kc2 Rb5 53. Kc1 h5 54. Kc2 h4 55. Qd4 h3 56. Kc3 h2 57. Qh4 Rxb6 58. Qxh2 Re6 59. Kc2 g5 60. Qg3 Kg6 61. Qd3+ Re4 62. Qg3 g4 63. Qg2 Kf5 64. Kd3 Rf4 65. Qc2 g3 66. Ke3+ Kg5 67. Qc8 Ng4+ 68. Ke2 g2 69. Qg8+ Kh4 70. Qh7+ Kg3 71. Qb1 Rf2+ 72. Kd3 Rf1 73. Qb8+ Rf4 74. Qb1 Rf1 75. Qb8+ Kf2 76. Qf4+ Ke1 77. Qd2# 1-0


[Site "https://www.chess.com"]

[Event "Titled Tuesday Blitz January 10 Late 2023"]
[White "Costachi, Mihnea"]
[Black "Huber, Benedikt"]
[WhiteFideId "1217518"]
[BlackFideId "12923583"]
[WhiteElo "2476"]
[BlackElo "2272"]
[Result "1-0"]
[Round "02"]
[TimeControl "180+2"]
[Date "2023.01.10"]
[WhiteClock "0:02:27"]
[BlackClock "0:02:39"]

1. e4 c5 2. Nf3 e6 3. b3 b6 4. Bb2 Bb7 5. Nc3 Nf6 6. Qe2 Be7 7. g3 d5 8. exd5 Nxd5 9. Bg2 O-O 10. Nxd5 Bxd5 11. O-O Bf6 12. Ne5 Bxg2 13. Kxg2 Nc6 14. Nxc6 Qd5+ 15. Kg1 Bxb2 16. Ne7+ 1-0


[Site "https://www.chess.com"]

[Event "Titled Tuesday Blitz January 10 Late 2023"]
[White "Figorito, Nick"]
[Black "Stoleriu, George"]
[WhiteFideId "30923689"]
[BlackFideId "1227505"]
[WhiteElo "2036"]
[BlackElo "2390"]
[Result "0-1"]
[Round "02"]
[TimeControl "180+2"]
[Date "2023.01.10"]
[WhiteClock "0:00:13"]
[BlackClock "0:00:21"]

1. Nf3 Nf6 2. g3 b5 3. Bg2 Bb7 4. O-O e6 5. d4 Be7 6. Nbd2 O-O 7. b3 c5 8. Bb2 a5 9. a4 b4 10. Nc4 Nc6 11. Nce5 Nxe5 12. dxe5 Ne8 13. Qd2 d5 14. exd6 Nxd6 15. Rfd1 Qb6 16. Qf4 Rfd8 17. Rd2 Ne4 18. Rxd8+ Rxd8 19. Qg4 Bf6 20. Bxf6 Nxf6 21. Qf4 Qd6 22. Qxd6 Rxd6 23. Kf1 Be4 24. Rc1 Kf8 25. Ke1 Ke7 26. h3 Nd5 27. Bf1 Nc3 28. Nd2 Bd5 29. e3 f5 30. h4 g6 31. Bc4 h6 32. Bxd5 exd5 33. Nb1 Ne4 34. Nd2 Nf6 35. Nf3 Ke6 36. Rd1 Ne4 37. Nd2 Nc3 38. Rc1 g5 39. hxg5 hxg5 40. Nb1 Ne4 41. Nd2 Nf6 42. Ke2 Rc6 43. Rh1 c4 44. Nf3 Rc8 45. Nxg5+ Kd6 46. Rh6 Ke7 47. Nh7 Ne4 48. Ra6 cxb3 49. cxb3 Rc2+ 50. Ke1 Nxf2 51. Rxa5 Nd3+ 52. Kd1 Rb2 53. Rxd5 Nf2+ 54. Ke1 Ke6 55. Rb5 Nd3+ 56. Kd1 Rxb3 57. Ng5+ Kf6 58. Nf3 Nf2+ 59. Ke2 Ne4 60. Rxf5+ Kg6 61. Nd4 Rb2+ 62. Kf3 Nd2+ 63. Kg4 Nc4 64. Rb5 Nxe3+ 65. Kf3 Nd1 66. Rb6+ Kf7 67. Rb7+ Kf6 68. Rb6+ Kf7 69. Rb7+ Ke8 70. Rb8+ Kd7 71. Rb7+ Kc8 72. Rb5 Nc3 73. Rb6 Kc7 74. Rh6 Kd7 75. a5 Ra2 76. a6 Ra3 77. a7 Nb5+ 78. Kg4 Nxd4 79. Rh8 Rxa7 80. Rh7+ Kc6 81. Rxa7 b3 82. Rc7+ Kxc7 83. Kf4 b2 84. Ke3 b1=Q 85. Kxd4 Qg1+ 86. Ke5 Qxg3+ 87. Kf6 Qd6+ 88. Kf5 Qe7 89. Kf4 Qe6 90. Kf3 Qe5 91. Kg4 Qf6 92. Kh5 Qg7 93. Kh4 Qg6 94. Kh3 Qg5 95. Kh2 Qg4 96. Kh1 Kd6 97. Kh2 Ke5 98. Kh1 Kf4 99. Kh2 Kf3 100. Kh1 Qg2# 0-1


[Site "https://www.chess.com"]

[Event "Titled Tuesday Blitz January 10 Late 2023"]
[White "Martinez Ramirez, Lennis"]
[Black "Skaric, Djuro"]
[WhiteFideId "3509079"]
[BlackFideId "934569"]
[WhiteElo "2426"]
[BlackElo "2334"]
[Result "1-0"]
[Round "02"]
[TimeControl "180+2"]
[Date "2023.01.10"]
[WhiteClock "0:01:11"]
[BlackClock "0:01:52"]

1. c4 d6 2. d4 g6 3. Nc3 Bg7 4. e4 Nf6 5. Be2 O-O 6. g4 Nc6 7. d5 Ne5 8. h3 c6 9. f4 Ned7 10. Nf3 cxd5 11. cxd5 Nc5 12. Qc2 e6 13. g5 Nh5 14. Be3 Ng3 15. Rh2 Nxe2 16. Rxe2 exd5 17. Nxd5 Bxh3 18. O-O-O Nxe4 19. Qxe4 Bf5 20. Ne7+ Kh8 21. Nxf5 gxf5 22. Qxf5 Re8 23. Rh2 h6 24. Bd4 Qc8+ 25. Qxc8 Raxc8+ 26. Kb1 Bxd4 27. Rxh6+ Kg7 28. Nxd4 Rc5 29. Rxd6 Re4 30. f5 Rc4 31. g6 fxg6 32. Rxg6+ Kf7 33. Ne6 1-0


[Site "https://www.chess.com"]

[Event "Titled Tuesday Blitz January 10 Late 2023"]
[White "Gardezi, Arsal"]
[Black "Wieczorek, Oskar"]
[WhiteFideId "30949521"]
[BlackFideId "1133950"]
[WhiteElo "2093"]
[BlackElo "2512"]
[Result "0-1"]
[Round "02"]
[TimeControl "180+2"]
[Date "2023.01.10"]
[WhiteClock "0:00:18"]
[BlackClock "0:01:16"]

1. e4 c5 2. Nf3 e6 3. d4 cxd4 4. Nxd4 Nf6 5. Nc3 d6 6. g4 e5 7. Nf5 h5 8. g5 Nxe4 9. Nxe4 Bxf5 10. Ng3 Bg4 11. Qd5 Nc6 12. g6 Be6 13. gxf7+ Bxf7 14. Qb5 Qa5+ 15. Qxa5 Nxa5 16. Bg2 Nc6 17. O-O h4 18. Nf5 g6 19. Ne3 h3 20. Bd5 Bxd5 21. Nxd5 Rc8 22. Bg5 Nd4 23. f4 Bg7 24. c3 Nf5 25. Rae1 Kf7 26. fxe5 Bxe5 27. Ne7 Rc4 28. Nxf5 gxf5 29. Rxf5+ Kg6 30. Ref1 Rg4+ 31. Kh1 Rxg5 32. Rxg5+ Kxg5 33. Rg1+ Kf6 0-1


[Site "https://www.chess.com"]

[Event "Titled Tuesday Blitz January 10 Late 2023"]
[White "Levitskiy, Andrey"]
[Black "Dylag, Emilia"]
[WhiteFideId "14132885"]
[BlackFideId "21805172"]
[WhiteElo "2304"]
[BlackElo "2095"]
[Result "1-0"]
[Round "02"]
[TimeControl "180+2"]
[Date "2023.01.10"]
[WhiteClock "0:00:55"]
[BlackClock "0:00:14"]

1. e4 e5 2. Nf3 Nc6 3. Bc4 Nf6 4. Ng5 d5 5. exd5 Na5 6. Bb5+ Bd7 7. Qe2 Be7 8. Bxd7+ Qxd7 9. Nf3 e4 10. Nd4 Qxd5 11. Qb5+ c6 12. Qxd5 cxd5 13. Nc3 O-O 14. O-O Rac8 15. Nf5 Bb4 16. a3 Bxc3 17. Ne7+ Kh8 18. Nxc8 Be5 19. Nxa7 Nc4 20. Nb5 Ng4 21. h3 Nf6 22. Rb1 Rc8 23. d3 Nb6 24. d4 Bb8 25. c3 Nc4 26. Bg5 Nd7 27. b3 Na5 28. Rfc1 f6 29. Bd2 Nc6 30. c4 dxc4 31. bxc4 Re8 32. c5 f5 33. d5 Nce5 34. c6 bxc6 35. dxc6 Nb6 36. c7 Nbc4 37. Bf4 Bxc7 38. Nxc7 1-0


[Site "https://www.chess.com"]

[Event "Titled Tuesday Blitz January 10 Late 2023"]
[White "Nazari, Arad"]
[Black "Zampronha, Wladimir Camilo"]
[WhiteFideId "12577324"]
[BlackFideId "2103087"]
[WhiteElo "2367"]
[BlackElo "2176"]
[Result "1-0"]
[Round "02"]
[TimeControl "180+2"]
[Date "2023.01.10"]
[WhiteClock "0:00:07"]
[BlackClock "0:00:12"]

1. e4 c5 2. Nf3 e6 3. b3 d5 4. Bb5+ Nc6 5. Bb2 Nf6 6. Ne5 Bd7 7. exd5 Nxe5 8. Bxd7+ Nexd7 9. dxe6 fxe6 10. Qe2 Bd6 11. O-O Qe7 12. Nc3 O-O 13. h3 Rae8 14. Rfe1 Qf7 15. Rf1 Bb8 16. Rae1 Nd5 17. Ne4 Qf4 18. Ng3 Qf7 19. d3 Bxg3 20. fxg3 Qg6 21. Rxf8+ Nxf8 22. Kh2 b6 23. d4 cxd4 24. Bxd4 Rc8 25. c4 Nb4 26. Rf1 Nc6 27. Bc3 e5 28. c5 Qe6 29. cxb6 axb6 30. Bb2 Re8 31. Qe4 Ng6 32. Rc1 Nd4 33. Bxd4 exd4 34. Qxd4 Ne5 35. Qc3 Nf7 36. a4 Qe2 37. b4 Qa2 38. a5 bxa5 39. bxa5 Qa4 40. Ra1 Qd7 41. a6 Ra8 42. Qc4 h6 43. h4 Ra7 44. Ra2 Kh8 45. Ra1 Nd6 46. Qd5 Nb5 47. Qc5 Nd4 48. Rd1 Nf3+ 49. gxf3 Qxd1 50. Qxa7 Qe2+ 51. Kh3 Qe6+ 52. g4 Qe2 53. Qa8+ Kh7 54. Qe4+ 1-0


[Site "https://www.chess.com"]

[Event "Titled Tuesday Blitz January 10 Late 2023"]
[White "Andreassen, Lars"]
[Black "Skvortsov, Andrei"]
[WhiteFideId "1504878"]
[BlackFideId "24108600"]
[WhiteElo "2168"]
[BlackElo "2313"]
[Result "0-1"]
[Round "02"]
[TimeControl "180+2"]
[Date "2023.01.10"]
[WhiteClock "0:00:05"]
[BlackClock "0:00:34"]

1. d4 Nf6 2. Nf3 e6 3. Bg5 d5 4. e3 Be7 5. c4 O-O 6. Nc3 h6 7. Bh4 dxc4 8. Bxc4 c5 9. O-O cxd4 10. Nxd4 a6 11. a4 Qc7 12. Bb3 Bd7 13. Rc1 Nc6 14. Bg3 Qb6 15. Bh4 Rfd8 16. Qc2 Nxd4 17. exd4 Qxd4 18. Bg3 Bc6 19. Rfd1 Qb4 20. Bc7 Rdc8 21. Be5 Qg4 22. Bg3 Rd8 23. h3 Qb4 24. Re1 Qa5 25. Re5 Qb6 26. a5 Qa7 27. Kh2 Bd6 28. Re3 Bc5 29. Re5 Bd4 30. Re2 Rac8 31. Qb1 Be8 32. Rd1 b5 33. axb6 Bxb6 34. Rxd8 Rxd8 35. Ne4 Nxe4 36. Qxe4 Qa8 37. Qg4 Bd4 38. Rd2 Bf6 39. Re2 Qb7 40. h4 Qxb3 41. h5 Bb5 42. Re3 Qxb2 43. Rf3 Be2 44. Bf4 Bxf3 45. gxf3 Kh8 0-1


[Site "https://www.chess.com"]

[Event "Titled Tuesday Blitz January 10 Late 2023"]
[White "Dimitrov, Atanas"]
[Black "Clawitter, Craig"]
[WhiteFideId "2901315"]
[BlackFideId "2023105"]
[WhiteElo "2269"]
[BlackElo "2050"]
[Result "1-0"]
[Round "02"]
[TimeControl "180+2"]
[Date "2023.01.10"]
[WhiteClock "0:00:08"]
[BlackClock "0:00:03"]

1. Nf3 Nf6 2. g3 d5 3. Bg2 e6 4. c4 Be7 5. O-O O-O 6. cxd5 exd5 7. d4 c6 8. Nc3 h6 9. Ne5 Bf5 10. Bf4 Nbd7 11. a3 Nh5 12. Nxd7 Qxd7 13. Bd2 Bh3 14. e4 Nf6 15. e5 Ne8 16. b4 a6 17. Na4 Bxg2 18. Kxg2 Nc7 19. Nb6 Qf5 20. Nxa8 Nxa8 21. Be3 Nb6 22. Qb1 Qe6 23. Qd3 Nc4 24. Rac1 b5 25. f4 a5 26. f5 Qd7 27. Rb1 Ra8 28. Rf2 axb4 29. axb4 Ra3 30. Rb3 Bxb4 31. Rxa3 Bxa3 32. f6 Bf8 33. Bc1 g6 34. Re2 Qe6 35. h3 b4 36. g4 Kh7 37. Qg3 Qc8 38. h4 Qa6 39. Qd3 Qa1 40. Rc2 b3 41. Rc3 b2 42. Bxb2 Qxb2+ 43. Kh3 Qf2 44. h5 1-0


[Site "https://www.chess.com"]

[Event "Titled Tuesday Blitz January 10 Late 2023"]
[White "Barp, Alberto"]
[Black "Lopez Perdomo, Juan David"]
[WhiteFideId "872555"]
[BlackFideId "4405137"]
[WhiteElo "2432"]
[BlackElo "2029"]
[Result "1-0"]
[Round "02"]
[TimeControl "180+2"]
[Date "2023.01.10"]
[WhiteClock "0:00:11"]
[BlackClock "0:00:26"]

1. c4 e6 2. d4 c5 3. d5 exd5 4. cxd5 d6 5. Nc3 Nf6 6. e4 g6 7. Nge2 Na6 8. Ng3 Nc7 9. Be2 Bg7 10. a4 b6 11. O-O O-O 12. Be3 a6 13. f4 Re8 14. Qd2 Bd7 15. e5 dxe5 16. d6 Ne6 17. fxe5 Nh5 18. Bxh5 gxh5 19. Nxh5 Bxe5 20. Nd5 Qh4 21. Ndf6+ Kh8 22. g3 Qh3 23. Nxd7 Qxh5 24. Nxe5 Qxe5 25. Rxf7 Nd8 26. Rf3 Ra7 27. Raf1 Rg7 28. d7 Reg8 29. Bf4 Qe7 30. Re3 Qxd7 31. Qxd7 Rxd7 32. Be5+ Rgg7 33. Rf8# 1-0


[Site "https://www.chess.com"]

[Event "Titled Tuesday Blitz January 10 Late 2023"]
[White "Wanger, Tamas"]
[Black "Sai Krishna G V"]
[WhiteFideId "740454"]
[BlackFideId "5028280"]
[WhiteElo "1951"]
[BlackElo "2384"]
[Result "0-1"]
[Round "02"]
[TimeControl "180+2"]
[Date "2023.01.10"]
[WhiteClock "0:00:29"]
[BlackClock "0:01:06"]

1. Nf3 Nf6 2. b3 g6 3. Bb2 Bg7 4. g3 O-O 5. Bg2 d6 6. O-O e5 7. d3 Nc6 8. c4 Bf5 9. Nh4 Be6 10. Nc3 Qd7 11. Re1 Bh3 12. Bh1 Ng4 13. Nd5 f5 14. Nf3 f4 15. e3 fxg3 16. hxg3 Rf5 17. e4 Rh5 18. Bg2 Rf8 19. Bxh3 Rxh3 20. Kg2 Nxf2 21. Kxf2 Rh2+ 22. Kg1 Qh3 23. Nxh2 Qxg3+ 24. Kh1 Rf2 0-1


[Site "https://www.chess.com"]

[Event "Titled Tuesday Blitz January 10 Late 2023"]
[White "Tatarinov, Dmitry"]
[Black "Marin Masis, Jose Esteban"]
[WhiteFideId "24160067"]
[BlackFideId "6508146"]
[WhiteElo "2310"]
[BlackElo "1938"]
[Result "1-0"]
[Round "02"]
[TimeControl "180+2"]
[Date "2023.01.10"]
[WhiteClock "0:01:25"]
[BlackClock "0:00:13"]

1. d4 Nf6 2. Nf3 d5 3. c4 c6 4. Nc3 g6 5. h4 Bg7 6. h5 gxh5 7. Bf4 Bg4 8. Ne5 Nbd7 9. cxd5 cxd5 10. Qb3 Qb6 11. Nxd7 Bxd7 12. Qxb6 axb6 13. Be5 e6 14. e3 O-O 15. Bd3 Ne4 16. Bxe4 dxe4 17. Bxg7 Kxg7 18. Rxh5 f5 19. g3 b5 20. Kd2 b4 21. Ne2 Rfc8 22. b3 Rc6 23. Rhh1 Rca6 24. Nc1 Bc6 25. Kc2 Bd5 26. Kb2 Rc8 27. Ne2 Rac6 28. Rac1 Ra8 29. Rxc6 bxc6 30. Nf4 Ra3 31. Rh5 Ra7 32. Rg5+ Kf6 33. Rg8 Kf7 34. Rb8 c5 35. dxc5 Rc7 36. Rxb4 Rxc5 37. a4 Ra5 38. Rb5 Rxb5 39. axb5 Bb7 40. Kc3 e5 41. Ne2 Kf6 42. Kc4 h5 43. Kc5 Kg5 44. Kd6 Kg4 45. Kxe5 Kf3 46. Nd4+ Kxf2 47. Nxf5 Kf3 48. b6 Kg4 49. b4 Kf3 50. b5 Kg4 51. Nd6 Kxg3 52. Nxb7 h4 53. Nc5 h3 54. Nxe4+ Kg2 55. Kf4 h2 56. Ng3 1-0


[Site "https://www.chess.com"]

[Event "Titled Tuesday Blitz January 10 Late 2023"]
[White "Deac, Bogdan-Daniel"]
[Black "Altman, Joshua"]
[WhiteFideId "1226380"]
[BlackFideId "426210"]
[WhiteElo "2700"]
[BlackElo "2120"]
[Result "1-0"]
[Round "02"]
[TimeControl "180+2"]
[Date "2023.01.10"]
[WhiteClock "0:00:17"]
[BlackClock "0:00:35"]

1. b3 d5 2. Bb2 Bg4 3. Nf3 Bxf3 4. exf3 Nf6 5. g3 e6 6. Bg2 Bd6 7. f4 O-O 8. O-O c6 9. c4 Nbd7 10. d4 Qe7 11. Re1 Rfd8 12. a3 Rac8 13. Nd2 Nf8 14. Qe2 Qd7 15. Nf3 dxc4 16. bxc4 c5 17. Ne5 Qc7 18. d5 exd5 19. cxd5 Re8 20. Qc2 Ng6 21. Nc4 Nd7 22. a4 b6 23. Bh3 Rcd8 24. Ne3 Bf8 25. Nf5 Rxe1+ 26. Rxe1 Nf6 27. Bxf6 gxf6 28. Bg2 c4 29. Qc3 Bg7 30. h4 h5 31. Bf3 Qc5 32. Re4 Nf8 33. Rxc4 Qa5 34. Qxa5 bxa5 35. Rc7 Nd7 36. Rxa7 Nb6 37. Rxa5 Bf8 38. Bxh5 Bb4 39. Rb5 Nxd5 40. Bf3 Ne7 41. Rxb4 Nxf5 42. a5 Nd4 43. Kg2 Nc2 44. Rb1 Re8 45. a6 Ne1+ 46. Rxe1 Rxe1 47. a7 Ra1 48. a8=Q+ Rxa8 49. Bxa8 Kg7 50. Bf3 Kh6 51. h5 f5 52. Kh3 f6 53. Kh4 Kh7 54. Bd1 Kh6 55. Bc2 Kg7 56. Bxf5 Kh6 57. g4 Kg7 58. g5 fxg5+ 59. fxg5 Kh8 60. Kg4 Kg7 61. Kf4 Kh8 62. Ke5 Kg7 63. Be4 Kh8 64. f4 Kg7 65. f5 1-0


[Site "https://www.chess.com"]

[Event "Titled Tuesday Blitz January 10 Late 2023"]
[White "Oparin, Grigoriy"]
[Black "Defend, Balint"]
[WhiteFideId "24125890"]
[BlackFideId "17004853"]
[WhiteElo "2667"]
[BlackElo "1673"]
[Result "1-0"]
[Round "02"]
[TimeControl "180+2"]
[Date "2023.01.10"]
[WhiteClock "0:00:09"]
[BlackClock "0:00:01"]

1. c4 Nf6 2. Nc3 e6 3. e4 d5 4. cxd5 exd5 5. e5 Ne4 6. Nf3 Nxc3 7. bxc3 c5 8. d4 Bf5 9. Bd3 Bxd3 10. Qxd3 Nc6 11. O-O Be7 12. dxc5 O-O 13. Rd1 Bxc5 14. Qxd5 Qb6 15. Rf1 Rad8 16. Qb3 Na5 17. Qxb6 Bxb6 18. Bf4 Rfe8 19. Rfd1 Nc4 20. Kf1 h6 21. h4 Kf8 22. h5 Ke7 23. Rxd8 Rxd8 24. Ke2 Rc8 25. Nd4 Rc5 26. Re1 Ra5 27. Kd3 Bxd4 28. cxd4 Nb6 29. Ke4 Ke6 30. Be3 Rxa2 31. f4 f5+ 32. exf6 Kxf6 33. g4 Ra5 34. g5+ hxg5 35. fxg5+ Kf7 36. Rf1+ Kg8 37. Rc1 Rd5 38. Bf4 Rd7 39. Be5 a5 40. g6 a4 41. Rh1 Nd5 42. h6 Nf6+ 43. Kf5 Ne8 44. h7+ Kh8 45. Rc1 Rd8 46. Rb1 a3 47. Rxb7 Nf6 48. Bxf6 gxf6 49. Ra7 a2 50. Rxa2 Rd5+ 51. Ke6 Rd8 52. d5 Re8+ 53. Kf7 Rd8 54. Ke7 1-0


[Site "https://www.chess.com"]

[Event "Titled Tuesday Blitz January 10 Late 2023"]
[White "Jimenez Almeida, Luis David"]
[Black "Kamsky, Gata"]
[WhiteFideId "22242244"]
[BlackFideId "2000024"]
[WhiteElo "2242"]
[BlackElo "2665"]
[Result "0-1"]
[Round "02"]
[TimeControl "180+2"]
[Date "2023.01.10"]
[WhiteClock "0:00:07"]
[BlackClock "0:00:12"]

1. e4 e5 2. Nf3 Nc6 3. Bb5 a6 4. Ba4 Nf6 5. O-O Be7 6. d3 d6 7. c3 O-O 8. Re1 b5 9. Bc2 Nb8 10. Nbd2 c5 11. Nf1 Nc6 12. d4 cxd4 13. cxd4 exd4 14. Nxd4 Nxd4 15. Qxd4 Be6 16. Bf4 Qc7 17. Rac1 Qc5 18. Qd2 Qb6 19. Be3 Qb7 20. Bd4 Rfe8 21. Ng3 Rac8 22. Bb3 Rxc1 23. Qxc1 Bxb3 24. axb3 g6 25. h3 Nd7 26. Qh6 Bf8 27. Qf4 Ne5 28. Rd1 Qe7 29. Qd2 Qe6 30. f4 Nc6 31. Be3 Qxb3 32. f5 Ne5 33. Bf4 Nc4 34. Qd5 Qxb2 35. fxg6 hxg6 36. Kh2 Qf6 37. Qc6 Qe6 38. Qxa6 Rb8 39. Rd5 Qe8 40. Qa7 Ne5 41. Bxe5 dxe5 42. Rd7 b4 43. Rb7 Rxb7 44. Qxb7 Qe6 45. h4 Qf6 46. h5 Qh4+ 47. Kg1 Qxg3 48. hxg6 Qxg6 49. Qd5 Qe6 50. Qd3 b3 51. Qc3 Bh6 52. Qg3+ Kh7 53. Qf3 Kg6 54. Qg3+ Bg5 55. Qf3 b2 56. Kh2 b1=Q 57. Qf5+ Qxf5 58. exf5+ Qxf5 59. g4 Qxg4 60. Kh1 e4 61. Kh2 e3 62. Kh1 e2 63. Kh2 Bf4+ 64. Kh1 e1=R# 0-1


[Site "https://www.chess.com"]

[Event "Titled Tuesday Blitz January 10 Late 2023"]
[White "Reprintsev, Alexander"]
[Black "Remizov, Yaroslav"]
[WhiteFideId "14100541"]
[BlackFideId "34134015"]
[WhiteElo "2253"]
[BlackElo "2421"]
[Result "0-1"]
[Round "02"]
[TimeControl "180+2"]
[Date "2023.01.10"]
[WhiteClock "0:00:01"]
[BlackClock "0:00:13"]

1. e4 c6 2. Nc3 d5 3. Nf3 dxe4 4. Nxe4 Nf6 5. Qe2 Nxe4 6. Qxe4 Qd5 7. Qf4 Qf5 8. d4 Qxc2 9. Qc7 Qf5 10. Bd3 Qd7 11. Qg3 Qg4 12. Qc7 Nd7 13. O-O Nb6 14. h3 Nd5 15. Qh2 Qd7 16. Ne5 Qd6 17. f4 Nb4 18. Be3 Nxd3 19. Nxd3 Bf5 20. Nc5 b6 21. Na4 e6 22. Nc3 h5 23. Rad1 h4 24. Kh1 Be7 25. Qg1 O-O 26. Qf2 Rad8 27. Qe1 Bf6 28. Qf2 b5 29. a3 a5 30. Ne2 b4 31. axb4 axb4 32. Rd2 Ra8 33. Rfd1 Be4 34. Kh2 Ra5 35. Qe1 Qd5 36. Qf1 Rfa8 37. Bf2 Qh5 38. Ng1 Qg6 39. Re1 Be7 40. Re3 Ra1 41. Be1 Bd6 42. Qf2 Rc1 43. Qxh4 Raa1 44. Rde2 Rxe1 45. Rxe4 Rxg1 46. g3 Rh1+ 47. Kg2 Rhg1+ 48. Kh2 Bf8 49. b3 Rgc1 50. Qd8 Qxe4 51. Rxe4 Rc2+ 0-1


[Site "https://www.chess.com"]

[Event "Titled Tuesday Blitz January 10 Late 2023"]
[White "Kravtsiv, Martyn"]
[Black "Fernandez Garcia, Gumersindo"]
[WhiteFideId "14113147"]
[BlackFideId "24516740"]
[WhiteElo "2598"]
[BlackElo "2160"]
[Result "0-1"]
[Round "02"]
[TimeControl "180+2"]
[Date "2023.01.10"]
[WhiteClock "0:00:02"]
[BlackClock "0:00:05"]

1. e4 c5 2. Nf3 g6 3. d4 cxd4 4. Nxd4 Bg7 5. Nc3 Nc6 6. Be3 Nf6 7. Bc4 O-O 8. Bb3 d6 9. f3 Bd7 10. Qd2 Rc8 11. O-O-O Nxd4 12. Bxd4 b5 13. Bxa7 b4 14. Ne2 Qa5 15. Bd4 Ba4 16. Kb1 Bxb3 17. cxb3 Ra8 18. Nc1 Rfc8 19. g4 Ne8 20. h4 h5 21. gxh5 Qxh5 22. Qxb4 Qxf3 23. Bxg7 Nxg7 24. Rhf1 Qe3 25. Qe1 Qc5 26. Qf2 f6 27. Qxc5 Rxc5 28. a4 Ne6 29. Rd5 Rcc8 30. a5 Rcb8 31. Rf3 Nc5 32. h5 gxh5 33. Rxh5 Nxe4 34. Re3 Nc5 35. Rxe7 Rxa5 36. Reh7 Rab5 37. Rh8+ Kf7 38. R5h7+ Ke6 39. Rxb8 Rxb8 40. Kc2 f5 41. Rh4 Ke5 42. b4 Ne4 43. Nd3+ Kd4 44. Rf4 Rf8 45. b5 Rc8+ 46. Kb3 Kxd3 47. Rxf5 Rb8 48. Rd5+ Ke3 49. Kb4 Rb7 50. Ka5 Rb8 51. b6 Kf4 52. b4 Ke3 53. Ka6 Nc5+ 0-1


[Site "https://www.chess.com"]

[Event "Titled Tuesday Blitz January 10 Late 2023"]
[White "Holt, Conrad"]
[Black "Malka, Samuel"]
[WhiteFideId "2034387"]
[BlackFideId "20643675"]
[WhiteElo "2540"]
[BlackElo "2165"]
[Result "1-0"]
[Round "02"]
[TimeControl "180+2"]
[Date "2023.01.10"]
[WhiteClock "0:01:44"]
[BlackClock "0:00:47"]

1. d4 Nf6 2. c4 g6 3. Nc3 Bg7 4. e4 d6 5. Nf3 O-O 6. h3 e5 7. dxe5 dxe5 8. Qxd8 Rxd8 9. Bg5 Re8 10. Nd5 Nxd5 11. cxd5 c6 12. Bc4 b5 13. Bb3 a5 14. a4 bxa4 15. Bxa4 Bd7 16. d6 Re6 17. Bb3 Rxd6 18. Be7 Rd3 19. Bc4 Rxf3 20. gxf3 Bf8 21. Bxf8 Kxf8 22. b4 a4 23. Kd2 Ke7 24. Kc3 Be6 25. Rhc1 Nd7 26. Bxe6 Kxe6 27. Kb2 Ra6 28. Ka3 Kd6 29. Rc4 Nf8 30. Rd1+ Ke7 31. Rc5 f6 32. Ra5 Rb6 33. Ra7+ Ke6 34. Rd8 1-0


[Site "https://www.chess.com"]

[Event "Titled Tuesday Blitz January 10 Late 2023"]
[White "Kazakouski, Valery"]
[Black "Ongut, Tamas Gunes"]
[WhiteFideId "13507443"]
[BlackFideId "770280"]
[WhiteElo "2539"]
[BlackElo "2299"]
[Result "1/2-1/2"]
[Round "02"]
[TimeControl "180+2"]
[Date "2023.01.10"]
[WhiteClock "0:01:01"]
[BlackClock "0:00:13"]

1. Nf3 d5 2. c4 e6 3. b3 Nf6 4. g3 c5 5. Bg2 Nc6 6. O-O d4 7. e3 e5 8. exd4 exd4 9. d3 Bd6 10. Re1+ Be6 11. Ng5 O-O 12. Rxe6 fxe6 13. Nxe6 Qd7 14. Nxf8 Rxf8 15. Nd2 Ne5 16. Ne4 Nxe4 17. Bxe4 Qh3 18. Qf1 Qh5 19. Bf4 Ng4 20. h3 Bxf4 21. hxg4 Qxg4 22. Qg2 Bd2 23. Bxb7 Kh8 24. Rf1 h5 25. Qe4 Qxe4 26. Bxe4 g5 27. Kg2 Kg7 28. Rh1 Rh8 29. Rd1 Bc3 30. f4 gxf4 31. gxf4 Kf6 32. Kf3 h4 33. Rh1 h3 34. Kg3 Bd2 35. f5 h2 36. a3 a5 37. Rb1 Be3 38. Kg2 h1=Q+ 39. Rxh1 Rxh1 40. Kxh1 Bc1 41. a4 Kg5 42. Kg2 Bf4 43. Kf3 Bd2 44. Ke2 Bb4 45. Kd1 Bc3 46. Ke2 Bb4 47. Kf3 Bc3 48. Kg3 Bb4 1/2-1/2


[Site "https://www.chess.com"]

[Event "Titled Tuesday Blitz January 10 Late 2023"]
[White "Rustemov, Alexander"]
[Black "Seletsky, Grigory"]
[WhiteFideId "4119002"]
[BlackFideId "14112191"]
[WhiteElo "2525"]
[BlackElo "2259"]
[Result "1-0"]
[Round "02"]
[TimeControl "180+2"]
[Date "2023.01.10"]
[WhiteClock "0:01:23"]
[BlackClock "0:00:16"]

1. d4 d5 2. c4 c6 3. Nc3 e6 4. e3 Nf6 5. Nf3 Nbd7 6. Qc2 Be7 7. Bd3 O-O 8. O-O b6 9. e4 dxe4 10. Nxe4 Bb7 11. Rd1 Nxe4 12. Bxe4 Nf6 13. Bd3 Qc7 14. c5 g6 15. Bg5 Rfd8 16. Rac1 b5 17. Qd2 Nd5 18. Bxe7 Qxe7 19. Be4 Qf6 20. g3 a5 21. h4 h5 22. Kg2 b4 23. Ne5 Ne7 24. Qg5 Qxg5 25. hxg5 Nd5 26. Nc4 Ra7 27. Nd6 Ba6 28. Kf3 Rc7 29. a3 bxa3 30. bxa3 Kg7 31. Bxd5 exd5 32. Re1 Kf8 33. Rb1 Bd3 34. Rb6 Be4+ 35. Kf4 Rdd7 36. f3 Bd3 37. Re8+ Kg7 38. Rbb8 1-0


[Site "https://www.chess.com"]

[Event "Titled Tuesday Blitz January 10 Late 2023"]
[White "Gatterer, Florian"]
[Black "Tristan, Leonardo"]
[WhiteFideId "811688"]
[BlackFideId "113816"]
[WhiteElo "2170"]
[BlackElo "2545"]
[Result "0-1"]
[Round "02"]
[TimeControl "180+2"]
[Date "2023.01.10"]
[WhiteClock "0:00:07"]
[BlackClock "0:00:05"]

1. Nf3 d5 2. e3 Nf6 3. c4 e6 4. Nc3 b6 5. cxd5 exd5 6. d4 Bd6 7. Bd3 O-O 8. O-O Re8 9. Nb5 Bf8 10. b3 Ba6 11. Bb2 c6 12. Nc3 Bxd3 13. Qxd3 Nbd7 14. Rfd1 Bd6 15. g3 a5 16. Rac1 Ne4 17. Qe2 Qe7 18. Nxe4 dxe4 19. Nd2 Rec8 20. Qg4 Nf6 21. Qf5 b5 22. d5 Nxd5 23. Nxe4 g6 24. Qf3 Be5 25. Bxe5 Qxe5 26. Nc5 Kg7 27. h4 b4 28. Nd3 Qf6 29. Qxf6+ Kxf6 30. Nf4 Nc3 31. Rd2 Rd8 32. Rcc2 Ke5 33. Kf1 h6 34. Ne2 g5 35. hxg5 hxg5 36. Nxc3 Rxd2 37. Rxd2 bxc3 38. Rc2 a4 39. Rxc3 Kd5 40. bxa4 Rxa4 41. a3 g4 42. Ke2 f5 43. Kd3 c5 44. Kd2 c4 45. Ke2 Ke4 46. Rc2 Kd5 47. Rc3 Kc5 48. Kd2 Ra6 49. Ke2 Rb6 50. Kd2 Rb2+ 51. Rc2 Rb3 52. Rc3 Rb1 53. Rc1 Rb7 54. Rc3 Kb5 55. Kc2 Rh7 56. Kb2 Rh2 57. Rc2 Kc5 58. Kc3 Rh1 59. Kd2 Ra1 60. Rc3 Kd5 61. Ke2 Ra2+ 62. Kf1 Rb2 63. Ke1 Kc5 64. Rc1 Kb5 65. Rc3 Rb3 66. Rxb3+ cxb3 67. Kd2 Ka4 68. Kc1 Kxa3 69. Kb1 b2 70. f4 gxf3 71. e4 f2 72. g4 f1=Q+ 73. Kc2 b1=Q+ 74. Kc3 Qfd3# 0-1


[Site "https://www.chess.com"]